 Dungeon Crawl Stone Soup version 0.30-a0-953-g5f1da4a474 (webtiles) character file.

Game seed: 4945902646169920880

2816 BlueFish the Covert (level 9, 0/59 HPs)
             Began as an Octopode Warper on Mar 28, 2023.
             Was a Follower of Cheibriados.
             Slain by a steam dragon (6 damage)
             ... on level 7 of the Dungeon.
             The game lasted 00:16:39 (6853 turns).

BlueFish the Covert (Octopode Warper)               Turns: 6853, Time: 00:16:39

Health: 0/59       AC:  1    Str: 17    XL:     9   Next: 72%
Magic:  15/15      EV: 19    Int: 17    God:    Cheibriados [*.....]
Gold:   316        SH:  0    Dex: 13    Spells: 12/16 levels left

rFire   . . .      SeeInvis .    e - +2 whip (venom)
rCold   . . .      Faith    .    (no shield)
rNeg    . . .      Spirit   .    r - +0 hat
rPois   .          Reflect  .    (no amulet)
rElec   .          Rampage  .    m - ring of flight
rCorr   .                        p - ring of willpower
Will    ++...                    C - +5 ring of evasion
Stlth   +++++                    I - ring of willpower
HPRegen 0.29/turn                (no ring)
MPRegen 0.14/turn                (no ring)
                                 (no ring)
                                 (no ring)

@: flying, very slow
A: almost no armour, amphibious, 8 rings, camouflage 1, gelatinous body 1,
(nimble swimmer 1), tentacles
a: Renounce Religion, Bend Time


You were on level 7 of the Dungeon.
You worshipped Cheibriados.
Cheibriados was aware of your devotion.
You visited 2 branches of the dungeon, and saw 8 of its levels.

You collected 316 gold pieces.

Inventory:

Hand Weapons
 e - a +2 whip of venom (weapon)
 B - a +0 flail
 G - a +0 mace
 L - a +1 dire flail of venom
Missiles
 b - 7 boomerangs of dispersal
 d - 18 poisoned darts
 k - 100 stones (quivered)
 w - a throwing net
 P - 2 atropa-tipped darts
Armour
 l - a +0 kite shield
 r - a +0 hat (worn)
Jewellery
 m - a ring of flight (left tentacle)
 p - a ring of willpower (right tentacle)
 u - an amulet of faith
 C - a +5 ring of evasion (on tentacle)
 I - a ring of willpower (on tentacle)
Wands
 y - a wand of charming (14)
 F - a wand of iceblast (11)
 H - a wand of quicksilver (3)
 J - a wand of digging (3)
 K - a wand of polymorph (13)
Scrolls
 a - 3 scrolls of blinking
 c - a scroll of noise {unknown}
 f - a scroll of amnesia {unknown}
 g - 4 scrolls of teleportation
 n - a scroll of enchant armour {unknown}
 o - a scroll of butterflies {unknown}
 q - a scroll of silence {unknown}
 t - a scroll of torment {unknown}
 v - 5 scrolls of identify {unknown}
 D - 2 scrolls of fog {unknown}
 M - a scroll of immolation {unknown}
 N - a scroll of brand weapon {unknown}
Potions
 h - a potion of brilliance {unknown}
 i - 3 potions of heal wounds
 j - 2 potions of mutation {unknown}
 s - 4 potions of might {unknown}
 x - a potion of haste {unknown}
 z - 2 potions of curing
 A - 2 potions of magic {unknown}
 E - 2 potions of lignification {unknown}
 O - a potion of flight {unknown}


   Skills:
 + Level 4.5 Fighting
 + Level 3.9 Maces & Flails
 + Level 4.2 Throwing
 + Level 4.8 Dodging
 * Level 8.3 Stealth
 + Level 3.9 Shields
 - Level 3.0 Unarmed Combat
 + Level 4.3 Spellcasting
 + Level 5.1 Translocations
 + Level 1.2 Invocations
 + Level 1.2 Evocations


You had 12 spell levels left.
You knew the following spells:

 Your Spells              Type           Power      Damage    Failure   Level
a - Blink                 Tloc           42%        N/A       2%          2
b - Lesser Beckoning      Tloc           42%        N/A       2%          2

Your spell library contained the following spells:

 Spells                   Type           Power      Damage    Failure   Level
 Teleport Other           Tloc           21%        N/A       5%          3
 Kiss of Death            Conj/Necr      12%        2d6       16%         1
 Sting                    Tmut/Pois      12%        1d3       16%         1
 Vhi's Electric Charge    Tloc/Air       24%        N/A       16%         3
 Manifold Assault         Tloc           21%        N/A       19%         4
 Passage of Golubria      Tloc           21%        N/A       19%         4
 Poisonous Vapours        Pois/Air       6%         N/A       22%         2
 Sublimation of Blood     Necr           3%         N/A       22%         2
 Wereblood                Tmut           3%         N/A       22%         2
 Confusing Touch          Hex            3%         N/A       41%         3
 Inner Flame              Hex/Fire       3%         N/A       41%         3
 Tukima's Dance           Hex            3%         N/A       41%         3
 Dispel Undead            Necr           3%         3d7       83%         4
 Flame Wave               Conj/Fire      3%         2d5       83%         4
 Olgreb's Toxic Radiance  Pois           3%         N/A       83%         4
 Petrify                  Tmut/Erth      3%         N/A       83%         4
 Sticky Flame             Conj/Fire      3%         2d3       83%         4
 Irradiate                Conj/Tmut      1%         3d12      99%         5
 Yara's Violent Unravell  Hex/Tmut       1%         3d3       99%         5
 Summon Hydra             Summ           1%         N/A       100%        7


Dungeon Overview and Level Annotations

Branches:
Dungeon (7/15)             Temple (1/1) D:6

Altars:
Ashenzari
Cheibriados
Dithmenos
Elyvilon
Fedhas
Gozag
Hepliaklqana
Makhleb
Nemelex Xobeh
Okawaru
Qazlal
Ru
Sif Muna
Trog
Uskayaw
Vehumet
Wu Jian
Xom
Zin
The Shining One

Portals:
Abyss: D:3

Annotations:
D:3 2 transporters, retardedninja's ghost, amateur MfFi


Innate Abilities, Weirdness & Mutations

You cannot wear most types of armour.
You are amphibious.
You can wear up to eight rings at the same time.
Your skin changes colour to match your surroundings (Stealth+).
Your rubbery body absorbs attacks. (AC +1, EV +1)
((You are camouflaged when in or above water. (Stealth+)))
You have tentacles for arms and can constrict up to eight enemies at once.


Message History

You hit the wight.
The wight is lightly damaged.
You constrict the wight. The wight misses you.
You hit the wight.
The wight is lightly damaged.
You constrict the wight. The wight hits you but does no damage.
You hit the wight but do no damage.
The wight is moderately damaged.
You constrict the wight. The wight hits you with a +0 falchion!
You feel drained.
You hit the wight. You tentacle-slap the wight.
You destroy the wight!
Cheibriados appreciates the change of pace.
Your life force feels restored.
You closely miss the steam dragon.
You squeeze the steam dragon, but do no damage.
The steam dragon closely misses you. The steam dragon misses you.
You hit the steam dragon but do no damage.
The steam dragon is poisoned.
You hit the steam dragon but do no damage.
The steam dragon looks as sick as possible!
The steam dragon is lightly wounded.
The steam dragon bites you. The steam dragon misses you.
You hit the steam dragon.
The steam dragon looks as sick as possible!
The steam dragon is moderately wounded.
The steam dragon completely misses you. x2
You hit the steam dragon.
The steam dragon is moderately wounded.
The steam dragon breathes steam at you. The ball of steam hits you!
You hear an angry hiss.
You hit the steam dragon. Your squeeze misses the steam dragon.
The steam dragon is heavily wounded.
You are engulfed in a cloud of scalding steam.
The steam dragon completely misses you. The steam dragon claws you.
You are engulfed in a cloud of scalding steam.
* * * LOW HITPOINT WARNING * * *
The steam dragon closely misses you. The steam dragon claws you.
You die...

.....|...#.#.
..#...........
#.#.....#...#
#.#..>..#..##.
#....#.#......
....z
#...####.
####z #..##
#D##..#
#.@..## ##.#.#
.....#
........
###.....#.
#.....#..
......# ..
#......# ...


You could see a steam dragon (extremely poisoned, catching breath) and 2 wights.

Vanquished Creatures
  Grinder (D:5)
  Sigmund (D:2)
  Edmund (D:6)
  Duvessa (D:5)
  2 water moccasins
  2 ice beasts (D:6)
  3 ogres
  2 centaurs
  4 phantoms
  Blork the orc (D:5)
  A scorpion (D:5)
  2 wights
  Dowan (D:5)
  3 killer bees
  4 howler monkeys
  3 orc priests
  2 jellies (D:5)
  Crazy Yiuf (D:2)
  2 hounds
  A sleepcap (D:6)
  3 iguanas
  2 orc wizards (D:6)
  5 gnolls
  4 adders
  A shadow imp (D:5)
  2 white imps (D:5)
  2 ufetubi (D:5)
  3 worms
  2 dart slugs
  11 orcs
  2 endoplasms
  A giant cockroach (D:4)
  9 goblins
  9 hobgoblins
  3 jackals (D:1)
  7 quokkas
  5 ball pythons
  9 bats
  6 frilled lizards
  7 kobolds
  3 rats
134 creatures vanquished.

Notes
Turn   | Place    | Note
-------+----------+-------------------------------------------
     0 | D:1      | BlueFish the Octopode Warper began the quest for the Orb.
     0 | D:1      | Reached XP level 1. HP: 14/14 MP: 3/3
    66 | D:1      | Reached skill level 1 in Stealth
    66 | D:1      | Reached XP level 2. HP: 8/19 MP: 5/5
    69 | D:1      | Learned a level 2 spell: Blink
    72 | D:1      | Learned a level 2 spell: Lesser Beckoning
   330 | D:1      | Reached XP level 3. HP: 20/24 MP: 6/6
  1009 | D:2      | Noticed Sigmund
  1039 | D:2      | Found a runed translucent door.
  1040 | D:2      | Noticed Crazy Yiuf
  1498 | D:2      | Killed Crazy Yiuf
  1499 | D:2      | Reached skill level 2 in Stealth
  1499 | D:2      | Reached XP level 4. HP: 30/30 MP: 7/7
  1553 | D:2      | Killed Sigmund
  1554 | D:2      | Reached skill level 1 in Maces & Flails
  1554 | D:2      | Reached skill level 3 in Stealth
  1554 | D:2      | Reached skill level 1 in Shields
  1554 | D:2      | Reached XP level 5. HP: 11/35 MP: 8/8
  1554 | D:2      | Reached XP level 6. HP: 13/41 MP: 9/9
  1908 | D:3      | Found a one-way gate to the infinite horrors of the Abyss.
  1908 | D:3      | Noticed retardedninja's ghost (amateur MfFi)
  1912 | D:3      | Found a transporter.
  1932 | D:3      | Found a transporter.
  2027 | D:3      | Found a bloodstained altar of Trog.
  2416 | D:3      | Found a faded altar of an unknown god.
  2642 | D:4      | Found a shimmering altar of Xom.
  2781 | D:4      | Found a blossoming altar of Fedhas.
  2795 | D:4      | Reached skill level 4 in Stealth
  3012 | D:4      | Reached XP level 7. HP: 29/45 MP: 11/11
  3411 | D:5      | Entered Level 5 of the Dungeon
  3570 | D:5      | Found a shimmering blue altar of Sif Muna.
  3570 | D:5      | Found a burning altar of Makhleb.
  3570 | D:5      | Found a hazy altar of Hepliaklqana.
  3588 | D:5      | Noticed Grinder
  3768 | D:5      | Reached skill level 5 in Stealth
  3986 | D:5      | Reached XP level 8. HP: 42/52 MP: 12/12
  4061 | D:5      | Noticed Blork the orc
  4074 | D:5      | Killed Blork the orc
  4521 | D:5      | Noticed Duvessa
  4521 | D:5      | Noticed Dowan
  4836 | D:5      | Killed Grinder
  4837 | D:5      | Reached skill level 6 in Stealth
  4977 | D:5      | Killed Duvessa
  4992 | D:5      | Killed Dowan
  5188 | D:6      | Reached skill level 7 in Stealth
  5219 | D:6      | Noticed Edmund
  5231 | D:6      | Killed Edmund
  5232 | D:6      | Reached XP level 9. HP: 43/58 MP: 14/14
  5765 | D:6      | Found a staircase to the Ecumenical Temple.
  5779 | Temple   | Entered the Ecumenical Temple
  5828 | Temple   | Became a worshipper of Cheibriados the Contemplative
  6040 | D:6      | Reached skill level 5 in Translocations
  6101 | D:6      | Reached skill level 8 in Stealth
  6573 | D:7      | Reached skill level 1 in Invocations
  6574 | D:7      | Reached * piety under Cheibriados
  6575 | D:7      | Reached skill level 1 in Evocations
  6853 | D:7      | Slain by a steam dragon

Illustrated notes

Levels and vault maps discovered:
D:1:      psy_arrival_fountain, layout_rooms, minivault_24,
          nicolae_kite_square_tiling_tiny, minmay_pentomino_o4
D:2:      layout_basic, roderic_nine_men_s_morris, uniq_crazy_yiuf_cottage,
          uniq_sigmund
D:3:      layout_loops_ring, trog_hazing_becter, gammafunk_ghost_abyssal_escape,
          chequers_ecumenical_altar_lobes
D:4:      layout_loops_cross, mainiacjoe_overflow_brackets,
          mainiacjoe_overflow_surrounded_room
D:5:      kennysheep_spiral_hall, layout_gridville,
          gammafunk_temple_overflow_claw, kennysheep_path_1, uniq_duvessa,
          uniq_grinder, uniq_blork_the_orc
D:6:      layout_rooms, minmay_temple_entry_large_hall, uniq_edmund
D:7:      layout_rooms
Temple:   zaba_magenta_temple

Skill      XL: |  1  2  3  4  5  6  7  8  9 |
---------------+----------------------------+-----
Stealth        | 1 2 3 4 5 7 8 |  8.3
Maces & Flails | 1 2 3 |  3.9
Throwing       | 2 3 4 |  4.2
Dodging        | 3 4 |  4.8
Shields        | 1 2 3 |  3.9
Fighting       | 3 4 |  4.5
Spellcasting   | 3 4 |  4.3
Unarmed Combat | 3 |  3.0
Translocations | 4 5 |  5.1
Invocations    | 1 |  1.2
Evocations     | 1 |  1.2

Action                     |  1- 3 |  4- 6 |  7- 9 || total
---------------------------+-------+-------+-------++-------
  Melee: Unarmed           |    12 |       |       ||    12
         Constrict         |    25 |    17 |    40 ||    82
         Tentacles         |    21 |    14 |    67 ||   102
         Whip              |    59 |    59 |   234 ||   352
         Punch             |       |     1 |     7 ||     8
  Throw: Dart              |       |     7 |    27 ||    34
         Stone             |       |       |     4 ||     4
   Cast: Lesser Beckoning  |       |       |     7 ||     7
         Blink             |       |       |     3 ||     3
    Use: Potion            |       |       |     2 ||     2
   Stab: Sleeping          |    10 |    10 |     7 ||    27
         Distracted        |       |     1 |     2 ||     3
 Armour: Skin              |     7 |     2 |     7 ||    16
  Dodge: Dodged            |    41 |    39 |   179 ||   259

Table legend: (Time is in decaauts)
 A = Elapsed time spent in this place.
 B = Non-inter-level travel time spent in this place.
 C = Inter-level travel time spent in this place.
 D = Time resting spent in this place.
 E = Time spent auto-exploring this place.
 F = Levels seen in this place.
 G = Mean time per level.
                   A        B        C        D        E       F      G
               +--------+--------+--------+--------+--------+-----+--------+
         Total |   6935 |   6502 |    433 |    337 |   4941 |   8 |  866.9 |
       Dungeon |   6851 |   6443 |    408 |    337 |   4891 |   7 |  978.7 |
        Temple |     84 |     59 |     25 |      0 |     49 |   1 |   84.0 |
               +--------+--------+--------+--------+--------+-----+--------+

Top non-repeatable levels by time:
     D:5: 1896 daAuts
     D:6: 1470 daAuts
     D:2: 962 daAuts
     D:4: 877 daAuts
     D:3: 835 daAuts
     D:1: 740 daAuts
  Temple: 84 daAuts
     D:7: 68 daAuts
